 Dungeon Crawl Stone Soup version 0.28-a0-577-gb193047a1f (webtiles) character file.

Game seed: 11337830750833361818

79 iamoutofideas the Chopper (level 4, 0/37 HPs)
             Began as a Hill Orc Gladiator on Oct 1, 2021.
             Slain by Natasha (1 damage)
             ... on level 2 of the Dungeon.
             The game lasted 00:01:18 (1474 turns).

iamoutofideas the Chopper (Hill Orc Gladiator)      Turns: 1474, Time: 00:01:18

Health: 0/37       AC:  4    Str: 17    XL:     4   Next: 38%
Magic:  3/3        EV: 12    Int:  8    God:
Gold:   52         SH:  0    Dex: 12    Spells: 3/3 levels left

rFire   . . .      SeeInvis +   a - +0 war axe
rCold   . . .      Faith    .   (no shield)
rNeg    . . .      Spirit   .   b - +0 leather armour
rPois   .          Reflect  .   c - +0 helmet
rElec   .          Harm     .   (no cloak)
rCorr   .          Rampage  .   (no gloves)
Will    +....      Rage     1%  (no boots)
Stlth   +.........              (no amulet)
HPRegen 0.12/turn               i - ring of see invisible
MPRegen 0.08/turn               (no ring)

@: no status effects
A: berserk 1, low mp 1, strong-willed 1
a: no special abilities


You were on level 2 of the Dungeon.
You visited 1 branch of the dungeon, and saw 2 of its levels.

You collected 52 gold pieces.

Inventory:

Hand Weapons
 a - a +0 war axe (weapon)
Missiles
 d - 3 throwing nets (quivered)
Armour
 b - a +0 leather armour (worn)
 c - a +0 helmet (worn)
Jewellery
 i - a ring of see invisible (left hand)
Scrolls
 e - a scroll of teleportation {unknown}
 f - a scroll of fog {unknown}
 g - 2 scrolls of identify {unknown}
 h - a scroll of immolation {unknown}
 j - a scroll of magic mapping {unknown}
 m - a scroll of vulnerability {unknown}
Potions
 k - a potion of haste {unknown}
 l - a potion of mutation


   Skills:
 - Level 2.4 Fighting
 + Level 6.7 Axes
 - Level 1.7 Throwing
 - Level 2.4 Dodging


You had 3 spell levels left.
You didn't know any spells.
Your spell library was empty.

Dungeon Overview and Level Annotations

Branches:
Dungeon (2/15)

Altars:

Annotations:
D:1 exclusion: downstairs
D:2 Natasha


Innate Abilities, Weirdness & Mutations

You tend to lose your temper in combat.
Your magical capacity is low. (-10% MP)
You are strong-willed. (Will+)


Message History

You kill the bat!
Natasha, Servant of Life and Death comes into view.
Natasha hisses angrily.
Natasha is nearby!
Found a book of Rime.
Natasha casts a spell.
The white imp grins evilly.
The white imp gestures at you. The puff of frost hits you! Natasha claws you.
You hit Natasha.
Natasha is lightly wounded.
You hit the white imp. Natasha claws you but does no damage.
The white imp gestures at you. The puff of frost hits you!
You are too injured to fight recklessly!
You are too injured to fight recklessly!
Unknown command.
You are too injured to fight recklessly!
You barely miss Natasha.
Natasha is lightly wounded.
You hit the white imp but do no damage. Natasha claws you but does no damage.
The white imp barely misses you.
You slash Natasha!
Natasha is severely wounded.
You hit the white imp but do no damage. Natasha claws you but does no damage.
The white imp hits you. The white imp freezes you.
You hit Natasha.
Natasha is severely wounded.
You hit the white imp but do no damage. Natasha casts a spell at you.
The magic dart hits you!
* * * LOW HITPOINT WARNING * * *
The white imp hits you but does no damage.
Natasha claws you.
* * * LOW HITPOINT WARNING * * *
It was a potion of mutation.
You feel extremely strange.
You feel a little pissed off.
You feel strong-willed.
You feel less energetic. The white imp barely misses you. Natasha claws you.
You die...

#........# #.....†..
#........# #.......#
#........ #........#
#.......# #........
#........#####.......#
#........
#...................:#
#........
#..)......(..........#
########.
#....................#
.
#..............5h....#
##..............@..#
.............†.....#
.......##..........#
.......##..........#
.......##.......$..#
.......#############
.......# .......#
.......#


You could see Natasha and a white imp (summoned).

Vanquished Creatures
  A gnoll (D:2)
  3 adders
  5 ball pythons
  3 bats
  4 endoplasms
  A giant cockroach (D:1)
  6 goblins
  4 hobgoblins
  3 kobolds
  2 quokkas (D:1)
  5 frilled lizards
  3 rats (D:1)
40 creatures vanquished.

Notes
Turn   | Place    | Note
-------+----------+-------------------------------------------
     0 | D:1      | iamoutofideas the Hill Orc Gladiator began the quest for
                  | the Orb.
     0 | D:1      | Reached XP level 1. HP: 18/18 MP: 1/1
   128 | D:1      | Reached XP level 2. HP: 23/25 MP: 2/2
   279 | D:1      | Reached skill level 5 in Axes
   468 | D:1      | Reached XP level 3. HP: 19/30 MP: 3/3
   827 | D:1      | Found a faded altar of an unknown god.
   993 | D:1      | Reached skill level 6 in Axes
  1232 | D:2      | Reached XP level 4. HP: 35/37 MP: 4/4
  1466 | D:2      | Noticed Natasha
  1473 | D:2      | HP: 1/37 [Natasha (2)]
  1474 | D:2      | Gained mutation: You tend to lose your temper in combat.
                  | [potion of mutation]
  1474 | D:2      | Gained mutation: You are strong-willed. (Will+) [potion of
                  | mutation]
  1474 | D:2      | Gained mutation: Your magical capacity is low. (-10% MP)
                  | [potion of mutation]
  1474 | D:2      | Slain by Natasha

Illustrated notes

Levels and vault maps discovered:
D:1:      scummos_arrival_forest, layout_rooms,
          shapermc_ecumenical_altar_starsandcircs, serial_park_tiny_2,
          minmay_pentomino_q4
D:2:      layout_basic, serial_shops, shop, uniq_natasha

Skill      XL: |  1  2  3 |
---------------+----------+-----
Axes           | 5 6 |  6.7
Fighting       | |  2.4
Throwing       | |  1.7
Dodging        | |  2.4

Action                   |  1- 3 |  4- 6 || total
-------------------------+-------+-------++-------
Melee: War axe           |    95 |    21 ||   116
  Use: Potion            |       |     1 ||     1
Armor: Leather armour    |    30 |     7 ||    37
Dodge: Dodged            |    90 |    11 ||   101

Table legend: (Time is in decaauts)
 A = Elapsed time spent in this place.
 B = Non-inter-level travel time spent in this place.
 C = Inter-level travel time spent in this place.
 D = Time resting spent in this place.
 E = Time spent auto-exploring this place.
 F = Levels seen in this place.
 G = Mean time per level.
                   A        B        C        D        E       F      G
               +--------+--------+--------+--------+--------+-----+--------+
         Total |   1501 |   1435 |     66 |    223 |    942 |   2 |  750.5 |
       Dungeon |   1501 |   1435 |     66 |    223 |    942 |   2 |  750.5 |
               +--------+--------+--------+--------+--------+-----+--------+

Top non-repeatable levels by time:
     D:1: 1216 daAuts
     D:2: 284 daAuts
